Map: Eternal Empire LE

Players

IIIIIIIIIIII - Winner!

  • Race: Protoss Protoss
  • League: Master
  • Spawn Location: 1:00

Aku

  • Race: Zerg Zerg
  • League: Master
  • Spawn Location: 7:00

VOD

https://youtu.be/1muoCxEE414

Description

20 Nexus
20 Cybercore
21 Gas
22 Pylon
@100% Cyber --> Stalker [Chrono] + Stargate
After Stargate >> Warp Gate
@100% Nexus --> x2 Chrono Probes
32 Gateway (Wall)
33 Battery
@100% Stargate --> Oracle [Chrono]
40 (3:27) x2 Gas
42 Phoenix + Pylon
46 Pylon x2
49 (4:12) Stargate + Fleet Beacon
52 x2 Zealot
@100% Fleet Beacon --> x2 Carriers [Chrono]
Cut probes
Pylon
Nexus
Pylon
Twilight
Resume Probes
x2 Carriers
Charge
Now Harass with your carriers while making probes and more gateways.

Time

  • Played on: Aug. 2, 2020, 5:35 a.m.
  • Length: 10:31
Show
View Real Time Build Order
Export as new Build Order

IIIIIIIIIIII Protoss - Winner!

Build Orders: 1 Gate Expand, Oracle Opening, Phoenix Opening, Carriers 

Get SALT Encoding   

  12  0:00  Probe  
  13  0:12  Probe  
  14  0:20  Pylon  
  14  0:24  Probe  
  15  0:38  Probe (Chrono Boost)  
  15  0:42  Gateway  
  16  0:47  Probe (Chrono Boost)  
  16  0:49  Assimilator  
  17  0:52  Probe (Chrono Boost)  
  18  1:04  Probe  
  19  1:16  Probe  
  20  1:26  Nexus  
  20  1:39  Cybernetics Core  
  20  1:40  Probe  
  21  1:47  Assimilator  
  21  1:52  Probe  
  22  1:57  Pylon  
  22  2:04  Probe  
  23  2:12  Stalker (Chrono Boost)  
  25  2:16  Probe  
  26  2:25  Stargate  
  26  2:29  Probe  
  27  2:37  Warp Gate  
  27  2:38  Probe (Chrono Boost)  
  27  2:41  Probe (Chrono Boost)  
  29  2:49  Probe (Chrono Boost)  
  29  2:50  Probe (Chrono Boost)  
  31  2:54  Probe (Chrono Boost)  
  31  2:56  Probe  
  31  2:58  Gateway  
  33  3:01  Shield Battery  
  33  3:04  Probe  
  34  3:06  Oracle (Chrono Boost)  
  38  3:12  Probe  
  38  3:16  Probe  
  39  3:25  Probe, Assimilator  
  39  3:26  Assimilator  
  40  3:28  Probe  
  41  3:36  Phoenix (Chrono Boost)  
  41  3:37  Probe  
  41  3:39  Pylon  
  41  3:41  Probe  
  45  3:49  Probe  
  45  3:50  Pylon  
  46  3:56  Pylon  
  46  3:57  Probe  
  46  4:01  Probe  
  48  4:09  Probe  
  49  4:12  Stargate  
  49  4:13  Fleet Beacon  
  49  4:18  Probe  
  50  4:27  Probe  
  50  4:31  Probe  
  52  4:39  Probe  
  52  4:41  Zealot x2  
  69  5:01  Pylon, Carrier x2 (Chrono Boost)  
  69  5:08  Nexus  
  69  5:15  Pylon  
  69  5:17  Twilight Council  
  69  5:25  Probe x2  
  71  5:30  Shield Battery  
  71  5:36  Pylon  
  71  5:37  Probe  
  72  5:48  Carrier (Chrono Boost)  
  82  6:00  Probe  
  82  6:03  Carrier (Chrono Boost)  
  83  6:04  Charge  
  83  6:05  Probe  
  84  6:12  Pylon  
  84  6:13  Probe  
  84  6:17  Probe  
  86  6:21  Probe  
  86  6:25  Probe  
  88  6:27  Gateway  
  88  6:28  Gateway  
  88  6:29  Probe  
  88  6:31  Gateway  
  89  6:33  Gateway  
  89  6:42  Carrier (Chrono Boost)  
  95  6:52  Probe  
  95  6:53  Probe, Pylon  
  95  6:54  Probe  
  98  7:05  Probe  
  99  7:14  Zealot  
  99  7:15  Zealot, Probe x2  
  105  7:17  Probe  
  105  7:20  Pylon  
  105  7:22  Pylon  
  106  7:23  Pylon  
  106  7:29  Zealot x4  
  108  7:37  Carrier (Chrono Boost)  
  108  7:38  Carrier (Chrono Boost)  
  120  7:52  Probe  
  120  7:53  Assimilator  
  120  7:56  Templar Archives  
  121  7:59  Assimilator  
  121  8:00  Zealot x4  
  129  8:08  Gateway  
  129  8:10  Gateway  
  129  8:19  Zealot  
  131  8:22  Forge  
  131  8:30  Pylon  
  131  8:35  High Templar x4  
  131  8:39  Archon  
  131  8:40  Archon  
  139  8:41  High Templar x2  
  139  8:45  Archon  
  143  8:48  Nexus  
  143  8:49  Pylon  
  143  8:52  Pylon  
  143  8:53  Pylon  
  143  9:07  Photon Cannon  
  143  9:09  Zealot x3  
  149  9:10  Photon Cannon, Zealot  
  149  9:11  Shield Battery  
  149  9:16  Photon Cannon  
  151  9:20  Zealot x2  
  137  9:45  Zealot x5  
  132  9:46  Zealot x3  
  140  10:06  High Templar  
  140  10:07  High Templar x6  
  140  10:08  Probe  
  140  10:09  Probe x2  
  151  10:14  Archon x3  
Show
View Real Time Build Order
Export as new Build Order

Aku Zerg 

Build Orders: Hatch First, Roach Hydra 

Get SALT Encoding   

  12  0:00  Drone  
  13  0:12  Overlord  
  13  0:16  Drone  
  14  0:30  Drone x2  
  16  0:49  Hatchery  
  15  0:52  Drone  
  15  0:55  Drone  
  17  0:59  Drone  
  18  1:09  Extractor  
  17  1:14  Spawning Pool  
  17  1:16  Drone  
  17  1:20  Drone  
  18  1:28  Drone  
  19  1:38  Drone  
  20  1:49  Overlord  
  20  2:01  Drone x2  
  20  2:06  Hatchery  
  21  2:10  Queen  
  21  2:14  Drone  
  21  2:15  Drone  
  25  2:22  Queen  
  25  2:25  Drone  
  25  2:28  Drone  
  29  2:34  Drone x2  
  31  2:43  Overlord  
  31  2:45  Metabolic Boost  
  31  2:50  Drone  
  32  2:52  Queen  
  32  2:54  Drone  
  35  3:02  Drone  
  37  3:05  Drone  
  37  3:07  Queen  
  37  3:08  Drone  
  40  3:15  Overlord  
  40  3:18  Drone  
  40  3:19  Drone, Queen  
  44  3:25  Drone x3  
  47  3:32  Drone  
  50  3:34  Drone x2  
  50  3:36  Overlord  
  50  3:37  Drone x2  
  50  3:41  Spore Crawler  
  51  3:43  Spore Crawler  
  51  3:46  Spore Crawler  
  51  3:48  Drone  
  50  3:50  Drone  
  50  3:55  Lair  
  51  4:01  Roach Warren  
  50  4:04  Zergling x4  
  50  4:05  Zergling x4  
  54  4:14  Overlord x2  
  54  4:30  Drone x4  
  58  4:32  Overlord x2  
  58  4:52  Drone x5  
  63  4:53  Drone x4  
  63  4:54  Queen  
  69  5:02  Overlord  
  69  5:03  Drone  
  69  5:04  Drone  
  71  5:12  Extractor  
  71  5:13  Extractor  
  69  5:21  Drone x4  
  69  5:22  Hatchery, Drone x6  
  78  5:32  Drone  
  78  5:33  Evolution Chamber, Hydralisk Den  
  77  5:37  Drone x3  
  78  5:57  Roach  
  78  5:58  Roach x6  
  92  6:06  Extractor x2  
  92  6:09  Zerg Missile Weapons Level 1, Glial Reconstitution  
  92  6:11  Drone x5  
  91  6:14  Extractor, Overlord x3  
  91  6:17  Hatchery  
  92  6:21  Queen x2  
  96  6:27  Spore Crawler, Queen  
  96  6:28  Overlord x4  
  96  6:30  Spore Crawler, Muscular Augments  
  94  6:42  Queen  
  94  6:52  Spore Crawler  
  94  6:53  Hydralisk x6  
  95  7:01  Queen x2  
  99  7:02  Queen  
  101  7:16  Hydralisk  
  101  7:17  Hydralisk x5  
  113  7:25  Hydralisk x2  
  115  7:34  Hydralisk x2  
  118  7:37  Drone x12  
  118  7:43  Drone x5  
  116  7:52  Drone  
  116  7:53  Drone x3  
  116  7:56  Grooved Spines, Unknown  
  120  7:58  Drone x3  
  120  8:04  Overlord  
  120  8:05  Overlord  
  122  8:07  Roach x4  
  122  8:08  Roach  
  122  8:09  Overseer  
  132  8:22  Hydralisk  
  132  8:23  Hydralisk x9  
  152  8:36  Roach x4  
  152  8:37  Queen  
  152  8:40  Spore Crawler  
  160  8:49  Hydralisk x6  
  160  8:53  Hatchery  
  171  8:58  Roach  
  173  9:11  Infestation Pit  
  173  9:13  Overlord  
  173  9:14  Overlord x3  
  172  9:21  Hydralisk x2  
  170  9:33  Hydralisk x6  
  156  9:44  Roach x12  
  142  9:54  Roach x11  
  152  10:04  Hydralisk  
Tags
 
Add a new tag
Caveats
  • Supply blocks, unpowered buildings, or Contaminate may cause inaccurate times.
  • Supply counts are checked every 10 seconds.